 Dungeon Crawl Stone Soup version 0.28-a0-622-gbaef9634d7 (webtiles) character file.

Game seed: 2283973158252056646

6538 zxkuqyb the Arsonist (level 10, -6/50 HPs)
             Began as a Deep Elf Fire Elementalist on Oct 7, 2021.
             Mangled by lunkers's ghost (34 damage)
             ... on level 9 of the Dungeon.
             The game lasted 00:55:40 (10723 turns).

zxkuqyb the Arsonist (Deep Elf Fire Elementalist)  Turns: 10723, Time: 00:55:40

Health: -6/50      AC:  7    Str:  5    XL:     10   Next: 70%
Magic:  29/34      EV: 16    Int: 27    God:
Gold:   418        SH:  0    Dex: 15    Spells: 11/27 levels left

rFire   + . .      SeeInvis .   f - staff of fire
rCold   . . .      Faith    .   (no shield)
rNeg    . . .      Spirit   .   y - +2 robe {Will+}
rPois   .          Reflect  .   j - +0 helmet
rElec   .          Harm     .   r - +0 cloak
rCorr   .          Rampage  .   (no gloves)
Will    ++...                   z - +0 pair of boots
Stlth   ++........              (no amulet)
HPRegen 0.16/turn               o - ring of magical power
MPRegen 0.24/turn               l - ring "Akhy" {Int+3 Slay+4}

@: no status effects
A: no striking features
a: no special abilities


You were on level 9 of the Dungeon.
You visited 2 branches of the dungeon, and saw 10 of its levels.

You collected 418 gold pieces.

Inventory:

Hand Weapons
 i - a +2 short sword of draining
 u - a +0 whip of flaming
 v - a +1 dagger of venom
 w - a +5 dire flail of draining
 E - a +2 dagger of venom
Missiles
 c - 3 boomerangs (quivered)
 p - 37 poisoned darts
Armour
 a - a +0 robe
 j - a +0 helmet (worn)
 q - a +0 buckler
 r - a +0 cloak (worn)
 y - a +2 robe of willpower (worn)
 z - a +0 pair of boots (worn)
 D - the +0 ring mail "Kisev" {rN+}
   (You found it on level 6 of the Dungeon)

   rN:        It protects you from negative energy.
Magical Staves
 f - a staff of fire (weapon)
Jewellery
 e - an amulet of faith
 l - the ring "Akhy" (right hand) {Int+3 Slay+4}
   (You acquired it on level 3 of the Dungeon)

   [ring of slaying]

   Int:       It affects your intelligence (+3).
   Slay:      It affects your accuracy & damage with ranged weapons and melee
   (+4).
 o - a ring of magical power (left hand)
Wands
 m - a wand of iceblast (21)
 C - a wand of paralysis (14)
 G - a wand of mindburst (12)
Scrolls
 b - a scroll of silence
 d - 5 scrolls of amnesia
 t - 2 scrolls of fear
 x - 2 scrolls of enchant weapon
 A - 3 scrolls of teleportation
 H - a scroll of enchant armour {unknown}
 J - a scroll of magic mapping {unknown}
 M - a scroll of fog {unknown}
Potions
 g - a potion of haste
 h - a potion of might
 k - a potion of lignification
 n - 2 potions of resistance
 s - 2 potions of ambrosia
 B - 2 potions of attraction
 F - a potion of curing {unknown}
 I - a potion of magic {unknown}
 K - a potion of heal wounds
 L - a potion of brilliance {unknown}


   Skills:
 + Level 8.4 Dodging
 - Level 2.4 Stealth
 + Level 9.2 Spellcasting
 * Level 10.4 Conjurations
 * Level 10.9 Fire Magic


You had 11 spell levels left.
You knew the following spells:

 Your Spells              Type           Power      Damage    Failure   Level
a - Foxfire               Conj/Fire      100%       2x1d9     1%          1
b - Scorch                Fire           100%       2d10      1%          2
c - Conjure Flame         Conj/Fire      81%        6-21      1%          3
d - Flame Wave            Conj/Fire      81%        3d14      1%          4
e - Starburst             Conj/Fire      40%        6d12      9%          6

Your spell library contained the following spells:

 Spells                   Type           Power      Damage    Failure   Level
 Dazzling Flash           Conj/Hex       80%        N/A       1%          3
 Inner Flame              Hex/Fire       58%        N/A       1%          3
 Iskenderun's Mystic Bla  Conj/Tloc      40%        2d9       5%          4
 Sublimation of Blood     Necr           6%         N/A       7%          2
 Irradiate                Conj/Tmut      20%        3d20      16%         5
 Animate Dead             Necr           6%         N/A       43%         4
 Petrify                  Tmut/Erth      12%        N/A       43%         4
 Haunt                    Necr/Summ      6%         N/A       100%        7
 Infestation              Necr           6%         N/A       100%        8


Dungeon Overview and Level Annotations

Branches:
Dungeon (9/15)             Temple (1/1) D:6
   Lair: D:8-11         Orc: D:9-12

Altars:
Ashenzari
Cheibriados
Dithmenos
Fedhas
Hepliaklqana
Makhleb
Qazlal
Ru
Sif Muna
Trog
Uskayaw
Xom
Zin

Shops:
D:6 *

Annotations:
D:4 2 transporters, freelancePsychic's ghost, amateur VSGl
D:9 lunkers's ghost, novice TrCA


Message History

You now have 418 gold pieces (gained 10).
Found a club.
You see here a +0 club.
The orc warrior shouts!
The yak bellows!
The two-headed ogre shouts in stereo!
The gnoll sergeant shouts!
You open the gate.
Casting: Flame Wave (dangerous; 1% risk of failure)
Confirm with . or Enter, or press ? or * to list all spells.
Casting: Flame Wave (dangerous; 1% risk of failure)
Press: ? - help, Dir - look around, f - activate You feel a surge of power!
A wave of flame ripples out!
The flame wave engulfs lunkers's ghost!
Lunkers's ghost resists.
Lunkers's ghost is lightly damaged.
The flame wave engulfs the two-headed ogre!!
The two-headed ogre is heavily wounded.
The flame wave engulfs the howler monkey zombie!
The howler monkey zombie is moderately damaged. (Press . to intensify the flame waves.) Lunkers's ghost hits you.
The two-headed ogre misses you.
The two-headed ogre hits you with a +0 dire flail!
The howler monkey zombie closely misses you.
The gnoll sergeant hits you from afar with a +2 trident of freezing.
The gnoll sergeant freezes you.
A wave of flame ripples out!
The flame wave engulfs lunkers's ghost.
Lunkers's ghost resists.
Lunkers's ghost is lightly damaged.
The flame wave engulfs the two-headed ogre!
The two-headed ogre is severely wounded.
The flame wave engulfs the howler monkey zombie!!
You destroy the howler monkey zombie!
The flame wave engulfs the orc warrior!!
The orc warrior is severely wounded.
The flame wave engulfs the gnoll sergeant!
The gnoll sergeant is moderately wounded.
The flame wave engulfs the yak!!
The yak is heavily wounded.
Lunkers's ghost hits you!!
Ouch! That really hurt!
You die...

#.####...###.........###.#
#.# #...###..##.#...###..
#.# ###.............#..?.
#.#####...................
#....#.#..#########...####
##...<....#.......#...# #
#.#.#.#..#...#...#...#
#.#.##...Oo.#.#(.#...#
#.#.###[@Wg....[.#..##
#.#.# #..'Y.#.#$.#..#
#.#(# #..#...#...#..#
#...# #..#.......#..#
###.###..#########..#####
#.##...................
#.##..............#####
#................######
#.############.........


You could see a two-headed ogre, a yak, an orc warrior, a gnoll sergeant and
lunkers's ghost.

Vanquished Creatures
  A two-headed ogre (D:9)
  Pikel (D:4)
  A troll (D:9)
  A hornet (D:9)
  Eustachio (D:6)
  4 yaks (D:9)
  Edmund (D:4)
  2 sky beasts
  10 orc warriors
  2 necrophages
  An ogre (D:3)
  2 centaurs (D:9)
  3 phantoms
  A kobold brigand (D:8)
  Blork the orc (D:6)
  4 bullfrogs
  5 scorpions
  A water moccasin skeleton (D:5)
  5 killer bees (D:7)
  3 centaur zombies
  Crazy Yiuf (D:3)
  A centaur skeleton (D:5)
  5 hounds
  4 jellies
  2 bullfrog skeletons
  9 orc priests
  3 iguanas
  Natasha (thrice) (D:2)
  5 orc wizards
  A scorpion zombie (D:5)
  A howler monkey zombie (D:9)
  11 gnolls
  3 adders
  An ufetubus (D:6)
  48 orcs
  4 bats
  4 endoplasms
  3 giant cockroaches
  6 goblins
  4 hobgoblins
  4 jackals
  11 kobolds
  2 quokkas
  5 ball pythons
  2 frilled lizards
  7 rats
200 creatures vanquished.

Vanquished Creatures (collateral kills)
  A foxfire (D:4)
1 creature vanquished.

Vanquished Creatures (others)
  An orc wizard (D:7)
  272 foxfires
273 creatures vanquished.

Grand Total: 474 creatures vanquished

Notes
Turn   | Place    | Note
-------+----------+-------------------------------------------
     0 | D:1      | zxkuqyb the Deep Elf Fire Elementalist began the quest for
                  | the Orb.
     0 | D:1      | Reached XP level 1. HP: 10/10 MP: 6/6
   231 | D:1      | Reached XP level 2. HP: 15/15 MP: 6/8
   234 | D:1      | Learned a level 2 spell: Scorch
   480 | D:1      | Found a faded altar of an unknown god.
   990 | D:2      | Noticed Natasha
   997 | D:2      | Killed Natasha
   998 | D:2      | Reached XP level 3. HP: 4/19 MP: 3/9
  1382 | D:2      | Noticed Natasha
  1582 | D:2      | Reached XP level 4. HP: 24/24 MP: 8/11
  1823 | D:2      | Killed Natasha
  2082 | D:2      | Noticed Natasha
  2090 | D:2      | Killed Natasha
  2286 | D:3      | Noticed an ogre
  2293 | D:3      | Killed an ogre
  2294 | D:3      | Reached XP level 5. HP: 28/28 MP: 5/13
  2384 | D:3      | Learned a level 3 spell: Conjure Flame
  2469 | D:3      | Noticed a phantom
  2477 | D:3      | Killed a phantom
  2478 | D:3      | Reached skill level 5 in Fire Magic
  2478 | D:3      | Reached XP level 6. HP: 32/32 MP: 14/14
  3040 | D:3      | Found a runed translucent door.
  3041 | D:3      | Noticed Crazy Yiuf
  3047 | D:3      | Killed Crazy Yiuf
  3056 | D:3      | HP: 1/32 [poisoned by Crazy Yiuf]
  3512 | D:3      | Identified a scroll of acquirement
  3512 | D:3      | Acquired the ring "Akhy" {Int+3 Slay+4}
  3723 | D:4      | Found a transporter.
  3727 | D:4      | Found a transporter.
  3728 | D:4      | Noticed freelancePsychic's ghost (amateur VSGl)
  3820 | D:4      | Noticed Pikel
  3837 | D:4      | Killed Pikel
  3838 | D:4      | Reached skill level 5 in Spellcasting
  3838 | D:4      | Reached skill level 5 in Conjurations
  3838 | D:4      | Reached XP level 7. HP: 36/36 MP: 7/17
  4015 | D:4      | Noticed Edmund
  4022 | D:4      | Killed Edmund
  4023 | D:4      | Reached skill level 5 in Dodging
  4079 | D:4      | Reached XP level 8. HP: 41/41 MP: 18/18
  4753 | D:5      | Entered Level 5 of the Dungeon
  5867 | D:6      | Found a staircase to the Ecumenical Temple.
  5873 | D:6      | Reached XP level 9. HP: 45/45 MP: 21/21
  5878 | D:6      | Noticed Eustachio
  5880 | D:6      | Noticed Blork the orc
  5918 | D:6      | Killed Blork the orc
  5931 | D:6      | Killed Eustachio
  6172 | D:6      | Identified the +0 ring mail "Kisev" {rN+}
  6217 | Temple   | Entered the Ecumenical Temple
  6326 | D:6      | Found Zorghuch's General Store.
  8802 | D:8      | Reached XP level 10. HP: 38/50 MP: 8/24
  9445 | D:8      | Reached skill level 10 in Fire Magic
 10372 | D:9      | Noticed a two-headed ogre
 10418 | D:9      | Noticed lunkers's ghost (novice TrCA)
 10419 | D:9      | Reached skill level 10 in Conjurations
 10449 | D:9      | Found a runed translucent gate.
 10449 | D:9      | Found a runed translucent gate.
 10449 | D:9      | Found a runed translucent gate.
 10530 | D:9      | Learned a level 4 spell: Flame Wave
 10537 | D:9      | Learned a level 6 spell: Starburst
 10584 | D:9      | Noticed a two-headed ogre
 10599 | D:9      | Killed a two-headed ogre
 10723 | D:9      | Mangled by lunkers's ghost

Illustrated notes

Levels and vault maps discovered:
D:1:      minmay_arrival_pointy, layout_loops_ring,
          hellmonk_ecumenical_altar_crossroads
D:2:      layout_rooms, uniq_natasha
D:3:      wander_river, layout_basic, uniq_crazy_yiuf_cottage
D:4:      layout_loops_corners, gammafunk_ghost_mausoleum, uniq_edmund,
          uniq_pikel
D:5:      layout_loops_ring, kennysheep_decorative_pillar, minmay_bent
D:6:      layout_basic, minmay_temple_entry_slanted, serial_shops, shop_statue,
          uniq_eustachio, uniq_blork_the_orc
D:7:      layout_basic, due_unseen_surprise
D:8:      layout_gridville
D:9:      layout_loops_ring, gammafunk_ghost_split, kennysheep_generic_room_5,
          uniq_prince_ribbit1
Temple:   cyrus_circular_temple

Skill      XL: |  1  2  3  4  5  6  7  8  9 10 |
---------------+-------------------------------+-----
Dodging        | 3 4 5 6 7 8 |  8.4
Conjurations   | 2 3 5 7 9 10 | 10.4
Fire Magic     | 4 5 6 8 9 10 | 10.9
Spellcasting   | 4 5 6 8 9 |  9.2
Stealth        | |  2.4

Action                   |  1- 3 |  4- 6 |  7- 9 | 10-12 || total
-------------------------+-------+-------+-------+-------++-------
Melee: Unarmed           |     1 |       |       |       ||     1
       Short sword       |     1 |       |    14 |       ||    15
 Cast: Foxfire           |    57 |    29 |    87 |     8 ||   181
       Scorch            |     3 |    31 |   162 |    67 ||   263
       Conjure Flame     |       |     3 |    12 |     2 ||    17
       Flame Wave        |       |       |       |     2 ||     2
       Starburst         |       |       |       |     1 ||     1
Evoke: Wand              |       |       |       |     4 ||     4
  Use: Scroll            |       |     8 |     6 |       ||    14
       Potion            |       |       |     2 |       ||     2
Armor: Robe              |     5 |     2 |    24 |     8 ||    39
Dodge: Dodged            |    14 |     8 |    81 |    34 ||   137

Table legend: (Time is in decaauts)
 A = Elapsed time spent in this place.
 B = Non-inter-level travel time spent in this place.
 C = Inter-level travel time spent in this place.
 D = Time resting spent in this place.
 E = Time spent auto-exploring this place.
 F = Levels seen in this place.
 G = Mean time per level.
                   A        B        C        D        E       F      G
               +--------+--------+--------+--------+--------+-----+--------+
         Total |  10720 |  10419 |    301 |   3905 |   4175 |  10 | 1072.0 |
       Dungeon |  10660 |  10359 |    301 |   3905 |   4140 |   9 | 1184.4 |
        Temple |     59 |     59 |      0 |      0 |     35 |   1 |   59.0 |
               +--------+--------+--------+--------+--------+-----+--------+

Top non-repeatable levels by time:
     D:7: 2350 daAuts
     D:2: 1295 daAuts
     D:3: 1246 daAuts
     D:4: 1232 daAuts
     D:6: 1126 daAuts
     D:1: 989 daAuts
     D:9: 836 daAuts
     D:5: 816 daAuts
     D:8: 766 daAuts
  Temple: 59 daAuts
